[Event "Live Chess"]
[Site "Chess.com"]
[Date "2023.05.20"]
[Round "-"]
[White "chessfiction"]
[Black "laminaaprod"]
[Result "1-0"]
[WhiteElo "2356"]
[BlackElo "2247"]
[TimeControl "300"]
[EndTime "15:57:38 PDT"]
[Termination "chessfiction won by resignation"]

1. e4 e5 2. Nf3 Nc6 3. Bc4 Nf6 4. d3 Be7 5. c3 O-O 6. O-O a6 7. h3 b5 8. Bb3 d6 9. Bg5 Na5 10. Bc2 c5 11. Nbd2 Nc6 12. Re1 h6 13. Bh4 Nh7 14. Bg3 Rb8 15. Nf1 b4 16. d4 bxc3 17.
bxc3 Qa5 18. Ne3 Qxc3 19. Nd5 Qa5 20. dxe5 dxe5 21. Nxe5 Nxe5 22. Nxe7+ Kh8 23. Bxe5 Rb7 24. Nf5 Bxf5 25. exf5 Rd8 26. Qg4 f6 27. Bg3 Qd2 28. Rad1 Qa5 29. Qg6 1-0

[Event "Live Chess"]
[Site "Chess.com"]
[Date "2023.05.20"]
[Round "-"]
[White "martynstanley"]
[Black "whitedjohn"]
[Result "0-1"]
[WhiteElo "1009"]
[BlackElo "1648"]
[TimeControl "300"]
[EndTime "15:58:01 PDT"]
[Termination "whitedjohn won by checkmate"]

1. d4 Nf6 2. e3 d5 3. Bd3 c5 4. c3 Nc6 5. f4 cxd4 6. exd4 Bg4 7. Nf3 e6 8. O-O Be7 9. Qe1 Bxf3 10. Rxf3 O-O 11.
Rh3 g6 12. Qh4 Qb6 13. f5 exf5 14. Bg5 Nh5 15. Bxe7 Nxe7 16. Nd2 Qxb2 17. Rd1 f6 18. Nf3 Qxc3 19. Ng5 fxg5 20. Qxg5 Qxd4+ 21. Kf1 Qg7 22. Rd2 h6 23. Qe3 b6 24. Qe6+ Kh8 25. Bxf5 Nxf5 26. g4 Nd4+ 27. Kg1 Nxe6 28. gxh5 gxh5+ 29. Rg3 Qf6 30. Rd1 Qf2+ 31. Kh1 h4 32. Rg2 Qf3 33. Rg1 Rg8 34.
h3 Nf4 35. a4 Rxg2 36. Rxg2 Qxg2# 0-1

[Event "Live Chess"]
[Site "Chess.com"]
[Date "2023.05.20"]
[Round "-"]
[White "Pablo_dmp"]
[Black "jimwad"]
[Result "1-0"]
[WhiteElo "1877"]
[BlackElo "1221"]
[TimeControl "300"]
[EndTime "15:58:03 PDT"]
[Termination "Pablo_dmp won by resignation"]

1. e4 e5 2. Nc3 Nc6 3. Bc4 Bc5 4. Qg4 Qf6 5. Nd5 Qg6 6. Qxg6 hxg6 7. Nxc7+ Ke7 8. Nxa8 Nd4 9. Bd3 Nf6 10. Nc7 d6 11. Nd5+ Nxd5 12. exd5 Bf5 13. Bxf5 gxf5 14. Kd1 Nb5 15.
a4 Nc7 16. c4 Bxf2 17. Nh3 Bc5 18. d3 Na6 19. Kc2 Nb4+ 20. Kc3 a5 21. Rf1 f4 22. Nxf4 exf4 23. Bxf4 Rxh2 24. Bxh2 1-0

[Event "Live Chess"]
[Site "Chess.com"]
[Date "2023.05.20"]
[Round "-"]
[White "GEMdzq"]
[Black "MarkLim1"]
[Result "1/2-1/2"]
[WhiteElo "2216"]
[BlackElo "1665"]
[TimeControl "300"]
[EndTime "15:58:15 PDT"]
[Termination "Game drawn by repetition"]

1. e4 e6 2. d4 d5 3. Nc3 Nf6 4. Bg5 dxe4 5. Nxe4 Nbd7 6. Nf3 h6 7. Bxf6 Nxf6 8.
Nxf6+ Qxf6 9. Bd3 c5 10. c3 Bd7 11. Qe2 cxd4 12. Nxd4 Bc5 13. Bb5 Rd8 14. Nb3 Bb6 15. Rd1 Qe7 16. Bxd7+ Rxd7 17. O-O O-O 18. Rxd7 Qxd7 19. Rd1 Qc7 20. g3 Rd8 21. Rxd8+ Qxd8 22. Qe4 Qd7 23. Kg2 a5 24. a4 Qd1 25. Nd4 Qxa4 26. Qxb7 Bxd4 27. Qa8+ Kh7 28. Qe4+ g6 29. Qxd4 Qxd4 30. cxd4 Kg7 31. Kf3 Kf6 32. Ke4 g5 33. g4 Ke7 34. d5 Kd6 35. dxe6 fxe6 36. Kd4 e5+ 37. Kc4 Kc6 38. f3 Kb6 39. Kd5 Kb5 40.
Kxe5 Kb4 41. f4 gxf4 42. Kxf4 Kb3 43. h4 Kxb2 44. g5 hxg5+ 45. hxg5 a4 46. g6 a3 47. g7 a2 48. g8=Q a1=Q 49. Qh8+ Kb1 50. Qh1+ Kb2 51. Qb7+ Kc2 52. Qe4+ Kb2 53. Qd4+ Kb1 54. Qd1+ Kb2 55.
Qd4+ Kb1 56. Qb4+ Kc2 57. Qe4+ Kb2 58. Qd4+ 1/2-1/2

[Event "Live Chess"]
[Site "Chess.com"]
[Date "2023.05.20"]
[Round "-"]
[White "Delacorta"]
[Black "Doge_Dandolo"]
[Result "0-1"]
[WhiteElo "1428"]
[BlackElo "2029"]
[TimeControl "300"]
[EndTime "15:58:17 PDT"]
[Termination "Doge_Dandolo won by resignation"]

1. d4 d5 2. Nf3 Nf6 3. e3 Bf5 4. Be2 e6 5. Nh4 Bg6 6. Nxg6 hxg6 7. f3 Bd6 8. Nd2 Bg3+ 9. hxg3 Rxh1+ 10. Nf1 Qd6 11.
Kf2 Nh5 12. f4 Nd7 13. g4 Nhf6 14. Qd3 Ne4+ 15. Kf3 Ndf6 16. Ng3 Nxg3 17. Kxg3 Ne4+ 18. Kf3 Qe7 0-1

[Event "Live Chess"]
[Site "Chess.com"]
[Date "2023.05.20"]
[Round "-"]
[White "risinghelios"]
[Black "GMHarry-youtube"]
[Result "1/2-1/2"]
[WhiteElo "1897"]
[BlackElo "2006"]
[TimeControl "300"]
[EndTime "15:58:36 PDT"]
[Termination "Game drawn - insufficient material"]

1. e4 c5 2. c3 d5 3. exd5 Qxd5 4.
Nf3 g6 5. Be2 Bg7 6. O-O Nf6 7.
d4 Nc6 8. Be3 cxd4 9. cxd4 O-O 10. Nc3 Qd8 11. Bb5 Bd7 12. Bxc6 Bxc6 13. Ne5 Nd5 14. Nxc6 bxc6 15. Qf3 f5 16. Rac1 Rc8 17. Na4 Nf6 18. Nc5 Qd5 19. Qxd5+ cxd5 20. Ne6 Rfe8 21. Nxg7 Kxg7 22. Rc5 e6 23. Rfc1 Rxc5 24. Rxc5 Rb8 25. b3 Rb7 26. Bf4 Ne4 27. Be5+ Kf7 28.
Rc7+ Rxc7 29. Bxc7 Ke7 30. a4 Kd7 31. Bb8 a5 32.
Bf4 Kc6 33. Kf1 g5 34. Be3 f4 35. Bc1 Kd6 36. f3 Nf6 37. Bd2 Nd7 38. Bxa5 e5 39. dxe5+ Kxe5 40. Bc3+ d4 41. Bb2 Nc5 42. a5 Nxb3 43. a6 Nd2+ 44. Ke2 Nc4 45. a7 Nb6 46. Kd3 Kd5 47. Bxd4 Na8 48. Bf6 h6 49. Bg7 h5 50.
Bh6 g4 51. Bxf4 Ke6 52. Ke4 Kf6 53. Kd5 Kf5 54. Kc6 Kxf4 55. Kb7 g3 56. hxg3+ Kxg3 57. Kxa8 Kxg2 58. Kb7 h4 59. a8=Q Kxf3 60. Qh8 Kg3 61. Qg7+ Kh2 62. Kc6 h3 63. Kd5 Kh1 64. Qf6 h2 65.
Ke4 Kg2 66. Qg5+ Kh1 67. Qf4 Kg2 68. Ke3 h1=Q 69. Qf3+ Kh2 70. Qh5+ Kg1 71. Qg4+ Qg2 72. Qd1+ Kh2 73. Qh5+ Qh3+ 74. Qxh3+ Kxh3 1/2-1/2

[Event "Live Chess"]
[Site "Chess.com"]
[Date "2023.05.20"]
[Round "-"]
[White "ShanthamGrarks"]
[Black "Daniel_Gliddon_FA"]
[Result "1-0"]
[WhiteElo "1979"]
[BlackElo "1229"]
[TimeControl "300"]
[EndTime "15:58:55 PDT"]
[Termination "ShanthamGrarks won by resignation"]

1. d4 Nf6 2. Nc3 g6 3. e4 Bg7 4. e5 Ng8 5. f4 d6 6. Nf3 Bg4 7. Bc4 e6 8. O-O d5 9. Bd3 Nc6 10. Ne2 Nge7 11. c3 Qd7 12. h3 Bxf3 13. Rxf3 O-O-O 14. Ng3 f6 15. Be3 f5 16. a4 h5 17. b4 h4 18. Nf1 Bh6 19. a5 Rdg8 20. b5 Nd8 21. Qe2 g5 22. fxg5 Bxg5 23. Bxg5 Rxg5 24.
b6 Ng6 25. bxa7 Nc6 26. a8=Q+ Nb8 27. Ba6 c6 28. Rb1 Qe7 29. Rxb7 1-0

[Event "Live Chess"]
[Site "Chess.com"]
[Date "2023.05.20"]
[Round "-"]
[White "AlanPaling"]
[Black "CeladonFish"]
[Result "1-0"]
[WhiteElo "1311"]
[BlackElo "1127"]
[TimeControl "300"]
[EndTime "15:58:57 PDT"]
[Termination "AlanPaling won by resignation"]

1. c4 Nf6 2. Nc3 g6 3. g3 d6 4.
Bg2 Bg7 5. e4 O-O 6. Nge2 Nc6 7.
O-O Nh5 8. g4 Bxg4 9. h3 Bxe2 10. Qxe2 Nd4 11. Qd3 c5 12. Nd5 e6 13. Ne3 Nf4 14. Qa3 Nfe2+ 15. Kh2 Bh6 16. Qd3 Bxe3 17. dxe3 Qc7 18. exd4 d5+ 19. e5 Nxd4 20. f4 dxc4 21.
Qxc4 b5 22. Qd3 Rad8 23. Qe4 a5 24. Be3 b4 25. Rac1 f5 26. exf6 Rxf6 27. Bxd4 Rxd4 28. Qxd4 Rxf4 29. Rxf4 1-0

[Event "Live Chess"]
[Site "Chess.com"]
[Date "2023.05.20"]
[Round "-"]
[White "mpersander"]
[Black "raminguy"]
[Result "0-1"]
[WhiteElo "1018"]
[BlackElo "1960"]
[TimeControl "300"]
[EndTime "15:59:07 PDT"]
[Termination "raminguy won by checkmate"]

1. e4 e5 2. Nf3 Nc6 3. d4 exd4 4.
Nxd4 Qf6 5. Nxc6 Bc5 6. Qd2 dxc6 7. Qf4 Be6 8. e5 Qxf4 9. Bxf4 O-O-O 10. Nd2 h6 11. a3 g5 12. Bg3 a6 13. O-O-O Ne7 14. Be2 Nf5 15. Ne4 Nxg3 16. hxg3 Bb6 17. f4 gxf4 18.
gxf4 Be3+ 19. Kb1 Bxf4 20. Nc5 Rxd1+ 21. Rxd1 Bxe5 22. Nxe6 fxe6 23. Bg4 Re8 24. Re1 Bg3 25. Rxe6 Rxe6 26. Bxe6+ Kd8 27. c3 Ke7 28. Bh3 b6 29.
Kc2 a5 30. Kd3 Bf4 31. Ke4 Bc1 32. b3 Bxa3 33. Kf5 Bb2 34. Kg6 Bc1 35. g4 Kd6 36. Bg2 c5 37. Kf5 Bd2 38. c4 c6 39. Ke4 b5 40.
Kd3 Bg5 41. Be4 a4 42. Kc3 a3 43. Kc2 Be3 44. Kb1 Bd4 45. Ka2 Bb2 46. cxb5 cxb5 47. Bf3 Ke5 48. Bc6 c4 49. Bxb5 c3 50. Bd3 Kd4 51.
Bf5 Ke3 52. Bg6 Kd2 53. Bf5 c2 54. Bxc2 Kxc2 55. b4 Kc3 56. b5 Kb4 57. b6 Be5 58.
b7 Bd6 59. Ka1 Kb3 60. Kb1 a2+ 61.
Ka1 Be5# 0-1

[Event "Live Chess"]
[Site "Chess.com"]
[Date "2023.05.20"]
[Round "-"]
[White "EdenHazard8"]
[Black "1600x"]
[Result "0-1"]
[WhiteElo "2050"]
[BlackElo "1805"]
[TimeControl "300"]
[EndTime "15:59:09 PDT"]
[Termination "1600x won by resignation"]

1. e4 e5 2. Nf3 Nf6 3. Nxe5 d6 4. Nd3 c5 5. Nc3 b5 6. Nxb5 Nc6 7. Nc3 Qe7 8. f3 d5 9. Qe2 Nd4 10. Qd1 dxe4 11.
fxe4 Nxe4 12. Nxe4 Bb7 13. Be2 Qxe4 14. Rg1 Be7 15. c3 Bh4+ 16. g3 Nf3+ 17. Kf2 Nxh2 18.
gxh4 Qxh4+ 19. Rg3 Rc8 20. Bg4 Rc6 21. Qa4 O-O 22.
Ne5 Rf6+ 23. Nf3 Kh8 24. Kg2 Nxf3 25. Bxf3 Bxf3+ 26. Rxf3 Rg6+ 27. Kf1 Qh1+ 28. Ke2 Qg2+ 29. Rf2 Re6+ 30. Kd3 Qxf2 31. Kc2 Qf5+ 32. d3 Rd8 33. Qc4 g6 34. Bd2 Red6 35. Re1 Rxd3 36. Re8+ Kg7 37. Qxd3 Qxd3+ 0-1

[Event "Live Chess"]
[Site "Chess.com"]
[Date "2023.05.20"]
[Round "-"]
[White "Tushinskiy"]
[Black "mikkyb4"]
[Result "1-0"]
[WhiteElo "2183"]
[BlackElo "1031"]
[TimeControl "300"]
[EndTime "15:59:11 PDT"]
[Termination "Tushinskiy won by resignation"]

1. d4 g6 2. c3 Bg7 3. Nf3 d6 4. Bf4 Nc6 5. Bg3 e5 6. dxe5 dxe5 7. Qxd8+ Nxd8 8. Nxe5 Ne7 9. Nd2 Bf5 10. e4 Be6 11.
Be2 Ndc6 12. Nxc6 Nxc6 13. Bxc7 O-O 14. Bg3 Rfe8 15. f3 Rad8 16. Nb3 Ne5 17. Rd1 Nc4 18.
Bxc4 Bxc4 19. Kf2 Bh6 20. Rhe1 Rd2+ 21. Nxd2 Bxd2 22. Rxd2 1-0

[Event "Live Chess"]
[Site "Chess.com"]
[Date "2023.05.20"]
[Round "-"]
[White "NAZRIZ1977"]
[Black "fso"]
[Result "0-1"]
[WhiteElo "2049"]
[BlackElo "2234"]
[TimeControl "300"]
[EndTime "15:59:16 PDT"]
[Termination "fso won by resignation"]

1. d4 Nf6 2. Nc3 g6 3. e4 d5 4. e5 Ne4 5. Bd3 Nxc3 6. bxc3 Bg7 7. f4 Nd7 8. e6 fxe6 9. Qg4 Nf6 10. Bxg6+ hxg6 11. Qxg6+ Kf8 12. Nf3 Qe8 13. Qg3 Ne4 14. Qg4 e5 15. f5 exd4 16. Nh4 Qh5 17. Qf4 Qxh4+ 0-1

[Event "Live Chess"]
[Site "Chess.com"]
[Date "2023.05.20"]
[Round "-"]
[White "Duke_of_Bebington"]
[Black "DaveL5678"]
[Result "1-0"]
[WhiteElo "1580"]
[BlackElo "1022"]
[TimeControl "300"]
[EndTime "15:59:19 PDT"]
[Termination "Duke_of_Bebington won on time"]

1. e4 c6 2. d4 d5 3. Nc3 e6 4. Be2 Bd7 5. f3 c5 6. Be3 cxd4 7. Bxd4 Nc6 8. exd5 Nxd4 9. Qxd4 Nf6 10. dxe6 Bxe6 11. Qxd8+ Rxd8 12. Nh3 Bc5 13. Nf4 Bf5 14. Nd3 Kf8 15.
O-O-O Be3+ 16. Kb1 g6 17. Rhe1 Kg7 18. Bf1 Bb6 19.
Ne4 Nxe4 20. fxe4 Bg4 21. Be2 Be6 22. Bf3 Rhe8 23. Nf4 Rxd1+ 24. Rxd1 Bc4 25. Rd7 Ba6 26. Nd5 Be3 27. Nxe3 Kh6 28. Rxf7 Rd8 29. Kc1 Bb5 30. h4 Be8 31. Ng4+ Kh5 32. Nf6+ Kxh4 33. Rxh7+ Kg3 34.
Rh3+ Kf2 35. Ng4+ Kg1 36. Nf6 Bb5 37. Nd5 Rf8 38. Rg3 Kf2 39. Rxg6 Be2 40. Kd2 Bxf3 41. gxf3 Kxf3 42. Nf6 Kf4 43. Ke2 Ke5 44. Ke3 Rxf6 45. Rg5+ 1-0

[Event "Live Chess"]
[Site "Chess.com"]
[Date "2023.05.20"]
[Round "-"]
[White "mattihelenius2"]
[Black "wadsy27"]
[Result "0-1"]
[WhiteElo "489"]
[BlackElo "2564"]
[TimeControl "300"]
[EndTime "15:59:28 PDT"]
[Termination "wadsy27 won by resignation"]

1. d4 Nf6 2. c4 c5 3. e3 cxd4 4. Qxd4 Nc6 5. Qd2 e5 6. Nc3 Bb4 7. a3 Qa5 8. Nf3 Bxc3 9. bxc3 Ne4 10. Qc2 Qxc3+ 11. Qxc3 Nxc3 12. Bd2 Ne4 13. Bb4 a5 14. Bc3 Nxc3 15. Rc1 Ne4 16. Bd3 Nc5 17. O-O Nxd3 18. Rcd1 e4 19. Nd4 Nxd4 20. exd4 O-O 21. h3 d5 22.
cxd5 Rd8 23. Kh2 Rxd5 24. f3 Bf5 25. a4 Rxd4 26. fxe4 Bxe4 27. Rf4 Nxf4 28. Rxd4 f5 29. g3 Ne6 30. Rd6 Kf7 31. Rd7+ Kf6 32. g4 fxg4 33. hxg4 Rd8 34. Rxb7 Bxb7 0-1

[Event "Live Chess"]
[Site "Chess.com"]
[Date "2023.05.20"]
[Round "-"]
[White "TheSmoulderingMaster"]
[Black "diana21strabt"]
[Result "0-1"]
[WhiteElo "1691"]
[BlackElo "1707"]
[TimeControl "300"]
[EndTime "15:59:29 PDT"]
[Termination "diana21strabt won by resignation"]

1. e4 d5 2. exd5 Qxd5 3. Nc3 Qa5 4. b4 Qxb4 5. Nb5 Qe4+ 6. Be2 Na6 7. Nf3 Bd7 8. O-O Nf6 9. Re1 Qa4 10. Nc3 Qc6 11. Ne5 Qd6 12. d4 e6 13. Bg5 Be7 14.
Bxf6 Bxf6 15. Ne4 Qe7 16. Nxf6+ gxf6 17. Ng4 Nb4 18. a3 Nd5 19. c4 Nc3 20. Qd3 Nxe2+ 21. Rxe2 Rg8 22. Qf3 Rxg4 23. Qxg4 O-O-O 24. Qg7 Qd6 25. Qxf7 Qxd4 26. Rae1 Qxc4 27. Qxf6 Rg8 28. g3 Qd5 29. Re5 Qd2 30. R5e2 Qd3 31. Re3 Qd2 32. Qf4 Qd5 33. Rc1 Bc6 34. f3 Rd8 35. Qf7 Kb8 36.
Qxe6 Qd4 37. Qb3 Re8 38. Re1 Bxf3 39. Qf7 Rxe3 40. Qf8+ Re8+ 41. Kf1 Rxf8 0-1

[Event "Live Chess"]
[Site "Chess.com"]
[Date "2023.05.20"]
[Round "-"]
[White "domrobson"]
[Black "weibs440"]
[Result "1-0"]
[WhiteElo "1776"]
[BlackElo "951"]
[TimeControl "300"]
[EndTime "15:59:37 PDT"]
[Termination "domrobson won by checkmate"]

1. d4 f5 2. g3 Nf6 3. Bg2 e6 4. c4 Be7 5. Nf3 d6 6. O-O O-O 7. Nc3 Ne4 8. Nxe4 fxe4 9. Nd2 d5 10. cxd5 exd5 11. Qb3 c6 12. Nxe4 Kh8 13. Nc5 Bxc5 14. dxc5 b6 15. cxb6 axb6 16. Bf4 Nd7 17. Rac1 Nc5 18. Qc2 Rxa2 19. Qb1 Ra8 20. b4 Bf5 21.
Qb2 Ne4 22. Rxc6 Qd7 23. Rfc1 b5 24. Rc7 Qe6 25. Qxg7# 1-0

[Event "Live Chess"]
[Site "Chess.com"]
[Date "2023.05.20"]
[Round "-"]
[White "flyingpuffins"]
[Black "Long1968"]
[Result "1-0"]
[WhiteElo "1930"]
[BlackElo "1210"]
[TimeControl "300"]
[EndTime "15:59:54 PDT"]
[Termination "flyingpuffins won by resignation"]

1. d4 d5 2. e4 e6 3. e5 c5 4.
c3 Nc6 5. Nf3 Qb6 6. Bd3 cxd4 7.
O-O dxc3 8. Nxc3 Nge7 9. h4 g6 10. Bg5 Bg7 11. Qd2 O-O 12. Bf6 Nf5 13. Bxf5 exf5 14.
Nxd5 Be6 15. Nxb6 1-0

[Event "Live Chess"]
[Site "Chess.com"]
[Date "2023.05.21"]
[Round "-"]
[White "LutherSullivan"]
[Black "ExIsambard"]
[Result "1-0"]
[WhiteElo "2067"]
[BlackElo "1958"]
[TimeControl "300"]
[EndTime "16:00:00 PDT"]
[Termination "LutherSullivan won - game abandoned"]

1. e4 Nc6 2. Nf3 d5 3. exd5 Qxd5 4. Nc3 Qh5 5. d4 Bg4 6. Be2 Nf6 7. Be3 O-O-O 8. O-O e5 9. d5 e4 10. Ng5 Rxd5 11.
Nxd5 Bxe2 12. Qd2 1-0

[Event "Live Chess"]
[Site "Chess.com"]
[Date "2023.05.21"]
[Round "-"]
[White "LiamBellwood"]
[Black "Man-Del-Brot"]
[Result "1-0"]
[WhiteElo "2064"]
[BlackElo "1067"]
[TimeControl "300"]
[EndTime "16:00:04 PDT"]
[Termination "LiamBellwood won by resignation"]

1. d4 Nf6 2. Nc3 d5 3. Bf4 Nbd7 4. Nb5 e5 5. Bxe5 Nxe5 6. dxe5 Nd7 7. Qxd5 c6 8. Nd6+ Bxd6 9. Qxd6 Qa5+ 10. b4 Qxe5 11. Qxe5+ Nxe5 12. Nf3 Nxf3+ 13. exf3 O-O 14. Bd3 Re8+ 15.
Kd2 Be6 16. a4 Rad8 17. Kc3 a6 18. Rhe1 Bc8 19. a5 Rxe1 20. Rxe1 g6 21. Re7 Kf8 22. Rc7 Ke8 23. Bc4 Be6 24. Bxe6 fxe6 25. Rxh7 Rd7 26. Rxd7 Kxd7 27. f4 Kd6 28. Kd4 Ke7 29. g4 Kf6 30. h4 1-0

[Event "Live Chess"]
[Site "Chess.com"]
[Date "2023.05.21"]
[Round "-"]
[White "JoshMcK"]
[Black "birdseed45"]
[Result "0-1"]
[WhiteElo "1517"]
[BlackElo "1866"]
[TimeControl "300"]
[EndTime "16:00:27 PDT"]
[Termination "birdseed45 won by resignation"]

1. e4 c5 2. c3 Nc6 3. d4 cxd4 4. cxd4 d5 5. exd5 Qxd5 6. Nf3 Bg4 7. Nc3 Bxf3 8.
Nxd5 Bxd1 9. Nc7+ Kd7 10. Nxa8 Bg4 11. Bf4 e6 12. Nc7 Bb4+ 13. Bd2 Bxd2+ 14. Kxd2 Kxc7 15. f3 Bf5 16. Bd3 Nge7 17. Rac1 Bxd3 18. Kxd3 Nd5 19. a3 Rd8 20. b4 a6 21. Rc2 Nf4+ 22. Ke3 Ng6 23. a4 Kb8 24. b5 axb5 25. axb5 Nxd4 26. Ra2 Nxb5 27. Rha1 Nc7 28. Ra5 Ne7 29. R5a4 Ned5+ 30. Kf2 Kc8 31. Rc1 Kd7 32. Ra7 Rb8 33. Rb1 b6 34. Ra2 Kd6 35. Rab2 b5 36. h3 b4 37. Ke2 Nc3+ 0-1

[Event "Live Chess"]
[Site "Chess.com"]
[Date "2023.05.21"]
[Round "-"]
[White "SupremeTactician"]
[Black "HD_IN4k"]
[Result "1-0"]
[WhiteElo "2334"]
[BlackElo "391"]
[TimeControl "300"]
[EndTime "16:00:30 PDT"]
[Termination "SupremeTactician won by checkmate"]

1. e4 f5 2. exf5 d5 3. Qh5+ Kd7 4. Nf3 e5 5. Nxe5+ Kd6 6. Nf7+ Kd7 7. Nxd8 Kxd8 8. d4 g6 9. Bg5+ Ne7 10. fxg6 Nc6 11. gxh7 Bf5 12. Bxe7+ Bxe7 13. Qxf5 Rxh7 14. Qxh7 Bb4+ 15.
c3 Ba5 16. b4 Bb6 17. a4 a5 18. b5 Ne7 19. Qh8+ Kd7 20. Qxa8 c6 21. Qxb7+ Ke6 22. Qxb6 Nf5 23. Qxc6+ Ke7 24. Qxd5 Kf6 25. Qxf5+ Kxf5 26.
b6 Ke6 27. b7 Kd7 28. b8=Q Kc6 29. Bb5+ Kd5 30. Qe5# 1-0

[Event "Live Chess"]
[Site "Chess.com"]
[Date "2023.05.21"]
[Round "-"]
[White "Shepherds_Pie"]
[Black "KeithArkell"]
[Result "0-1"]
[WhiteElo "1919"]
[BlackElo "2608"]
[TimeControl "300"]
[EndTime "16:00:34 PDT"]
[Termination "KeithArkell won by resignation"]

1. c4 c5 2. Nc3 Nc6 3. g3 g6 4.
Bg2 Bg7 5. b3 Nf6 6. Bb2 O-O 7. d3 d6 8. Bxc6 bxc6 9. Qd2 e5 10.
f4 exf4 11. gxf4 Re8 12. O-O-O d5 13. Nf3 d4 14. Na4 Nd7 15. Kb1 Qe7 16. Rhe1 Qe3 17. Qxe3 Rxe3 18. Bc1 Re8 19. Ng5 f5 20. e3 dxe3 21.
Bxe3 h6 22. Nf3 Bf8 23. Bf2 Rxe1 24. Rxe1 Kf7 25. Ne5+ Nxe5 26. Rxe5 Bd6 27. Re2 Bxf4 28. Bxc5 g5 29. Re7+ Kg6 30. h3 g4 31. hxg4 fxg4 32. Nc3 Bf5 33. Kc2 Rd8 34. Ne4 g3 35. Bg1 g2 36. Rxa7 Bxe4 37. dxe4 Rd2+ 38. Kc3 Rd1 39.
Bc5 g1=Q 40. Bxg1 Rxg1 41. Ra6 h5 42. Rxc6+ Kg5 43. Rc8 Kg4 44. Rg8+ Bg5 45. e5 Re1 46. Kd4 h4 47. Kd5 h3 48. Rh8 Bh4 49. e6 h2 50.
Rg8+ Kh3 0-1

[Event "Live Chess"]
[Site "Chess.com"]
[Date "2023.05.21"]
[Round "-"]
[White "Nazar_777"]
[Black "Brooms1989"]
[Result "0-1"]
[WhiteElo "1624"]
[BlackElo "1094"]
[TimeControl "300"]
[EndTime "16:00:37 PDT"]
[Termination "Brooms1989 won by checkmate"]

1. e3 e5 2. h4 d5 3. a3 Nc6 4. c4 dxc4 5. Bxc4 Nf6 6. Qb3 Qe7 7. Nf3 Be6 8. Bxe6 Qxe6 9. Ng5 Qxb3 10. Nc3 h6 11.
Nf3 O-O-O 12. a4 e4 13. Ng1 Bb4 14. Nge2 Bxc3 15. bxc3 Rd7 16. Ra3 Qe6 17. g3 Qe7 18. Rb3 Rhd8 19. Kd1 Ng4 20. Rf1 Na5 21. Rb5 Rd5 22.
Nd4 Rxb5 23. axb5 c6 24. bxc6 Nxc6 25. Bb2 Nxd4 26. cxd4 Qb4 27. Bc3 Qb1+ 28. Ke2 Qb5+ 29. Ke1 Rd6 30. f3 exf3 31. Rxf3 Ra6 32. Rf4 Nf6 33.
g4 Qb1+ 34. Ke2 Ra3 35. g5 hxg5 36. hxg5 Nd5 37. Rxf7 Nxc3+ 38. dxc3 Qc2+ 39. Kf3 Qxc3 40. Re7 Qc6+ 41. Re4 Qd7 42. Kf4 Qf7+ 43. Kg4 Ra2 44. Rf4 Rg2+ 45. Kh3 Qxf4 46. exf4 Rd2 47. Kg4 Rxd4 48.
Kf5 Rd7 49. Ke6 a5 50. f5 a4 51. f6 gxf6 52. gxf6 a3 53. f7 Rxf7 54. Kxf7 a2 55. Ke6 a1=Q 56. Kd6 Qc3 57. Kd5 b5 58. Kd6 b4 59.
Kd5 b3 60. Ke4 b2 61. Kd5 b1=Q 62. Ke6 Qbe1+ 63. Kd5 Qd1+ 64. Ke4 Qce1+ 65. Kf4 Qdd2+ 66. Kf3 Qdf2+ 67. Kg4 Qeg1+ 68. Kh5 Qfh2# 0-1

[Event "Live Chess"]
[Site "Chess.com"]
[Date "2023.05.21"]
[Round "-"]
[White "ZackirtyChess"]
[Black "chessfiction"]
[Result "0-1"]
[WhiteElo "1164"]
[BlackElo "2356"]
[TimeControl "300"]
[EndTime "16:00:45 PDT"]
[Termination "chessfiction won by checkmate"]

1. f4 e5 2. fxe5 d6 3. exd6 Bxd6 4.
Nf3 g5 5. g3 h5 6. e4 h4 7. Bg2 Bg4 8. gxh4 gxh4 9. h3 Bg3+ 10.
Kf1 Bh5 11. Nc3 Nc6 12. Ne2 Qf6 13. Nxg3 hxg3 14. d3 Nge7 15. Bg5 Qg6 16. h4 O-O-O 17. Bxe7 Nxe7 18. Ne5 Qf6+ 19. Bf3 Qxe5 20. Bxh5 Rxh5 21. d4 Qxe4 22. Qxh5 Qxh1+ 23. Ke2 Qe4+ 24. Kd2 Rxd4+ 25. Kc3 Qe3# 0-1

[Event "Live Chess"]
[Site "Chess.com"]
[Date "2023.05.21"]
[Round "-"]
[White "Doge_Dandolo"]
[Black "CeladonFish"]
[Result "1-0"]
[WhiteElo "2029"]
[BlackElo "1127"]
[TimeControl "300"]
[EndTime "16:00:47 PDT"]
[Termination "Doge_Dandolo won by resignation"]

1. Nf3 d5 2. c4 Nf6 3. cxd5 Nxd5 4. e4 Nf6 5. Nc3 g6 6. e5 Nd5 7. Nxd5 Qxd5 8. d4 Qd8 9. Bc4 e6 10. Bg5 Be7 11. Bxe7 Qxe7 12. Qd2 Nc6 13. O-O O-O 14. Ng5 a6 15. Ne4 b5 16. Qh6 bxc4 17. Nf6+ 1-0

[Event "Live Chess"]
[Site "Chess.com"]
[Date "2023.05.21"]
[Round "-"]
[White "gmnorfolk"]
[Black "jagbama"]
[Result "0-1"]
[WhiteElo "2111"]
[BlackElo "1161"]
[TimeControl "300"]
[EndTime "16:00:52 PDT"]
[Termination "jagbama won by resignation"]

1. d4 d5 2. c4 Nf6 3. cxd5 Nxd5 4. Nf3 c6 5. e4 Nf6 6. Nc3 e6 7. Be3 Bb4 8. Bd3 Qa5 9. O-O Bxc3 10. bxc3 Qxc3 11.
Rc1 Qb2 12. Rc2 Qa3 13. Ne5 Nbd7 14. Nc4 Qe7 15. e5 Nd5 16. Nd6+ Kd8 17. Nc4 Nxe3 18.
Nd6 Nxd1 19. Rxd1 Kc7 20. Nb5+ Kd8 21. Nd6 h5 22. f4 h4 23. f5 h3 24. g3 Rf8 25. Rf2 Qg5 26. Re1 Nb6 27. Ne4 Qg4 28. Rf4 Qh5 29. f6 g6 30. Be2 Qh6 31. Kf2 Nd5 32. Rh4 Qe3+ 33. Kf1 Bd7 34. Nd6 Kc7 35. Re4 Qc3 36. Bc4 Qf3+ 0-1

[Event "Live Chess"]
[Site "Chess.com"]
[Date "2023.05.21"]
[Round "-"]
[White "BJAW87"]
[Black "Biranidun"]
[Result "0-1"]
[WhiteElo "1426"]
[BlackElo "2684"]
[TimeControl "300"]
[EndTime "16:00:53 PDT"]
[Termination "Biranidun won on time"]

1. e4 c5 2. Nf3 d6 3. c3 Nf6 4.
e5 dxe5 5. Nxe5 a6 6. Bc4 e6 7. O-O Bd6 8. f4 O-O 9. Qf3 Qc7 10. Qg3 Nbd7 11. d4 cxd4 12. cxd4 b5 13. Bb3 Bb7 14.
Nc3 Nb6 15. Bd2 Rad8 16. Rac1 Qe7 17. f5 b4 18. Bh6 Nh5 19. Qg4 Qf6 20. fxe6 Qxh6 21.
exf7+ Kh8 22. Ne4 Qe3+ 23. Nf2 Bxe5 24. dxe5 Qxe5 25. Rce1 Qc5 26. Re2 Nf6 27. Qh4 Bd5 28. Bxd5 Nbxd5 29. Rfe1 Rxf7 30. Re8+ Rxe8 31. Rxe8+ Nxe8 0-1

[Event "Live Chess"]
[Site "Chess.com"]
[Date "2023.05.21"]
[Round "-"]
[White "manthanit"]
[Black "Conradical12"]
[Result "1/2-1/2"]
[WhiteElo "1055"]
[BlackElo "1604"]
[TimeControl "300"]
[EndTime "16:00:57 PDT"]
[Termination "Game drawn by repetition"]

1. e4 e5 2. Nf3 Nc6 3. Bc4 Nf6 4. d3 Bc5 5. O-O Ng4 6. h3 h5 7. Qe2 d5 8. exd5 Na5 9. Be3 Nxc4 10. dxc4 Bxe3 11.
fxe3 Qd6 12. hxg4 hxg4 13. Nh2 g3 14. Ng4 Qg6 15. Qf3 Bxg4 16. Qxg3 O-O-O 17. Nc3 Rh5 18. Qxe5 Rxe5 19. e4 Rh8 20. Kf2 Qf6+ 21. Ke3 Qg5+ 22.
Kd4 Qd2+ 23. Kxe5 Rh5+ 24. Rf5 f6+ 25. Ke6 Bxf5+ 26. exf5 Qe3+ 27. Kf7 Kd7 28. Kxg7 Qe7+ 29. Kg6 Qh7+ 30. Kxf6 Qh6+ 31. Ke5 Rh4 32. Ne4 Qf4+ 33.
Kd4 Qxe4+ 34. Kc3 Qxc4+ 35. Kd2 Rd4+ 36. Ke3 Re4+ 37. Kd2 Qxc2+ 38. Kxc2 Re2+ 39. Kc3 Rxg2 40. Rf1 Rg3+ 41. Kb4 Rg8 42. f6 Rf8 43. Kc4 Kd6 44.
Kd4 a6 45. b4 b6 46. a4 c6 47.
dxc6 Kxc6 48. Kc4 b5+ 49. axb5+ axb5+ 50. Kd4 Kd6 51. Rf5 Ke6 52. Ke4 Rxf6 53. Rxb5 Rf8 54.
Rb6+ Kd7 55. b5 Kc7 56. Rc6+ Kb7 57. Kd5 Rf5+ 58. Kc4 Rf4+ 59. Kc5 Rf5+ 60. Kb4 Rf4+ 61. Ka5 Rf5 62. Rb6+ Ka7 63. Ra6+ Kb7 64. Rb6+ Ka7 65. Rg6 Kb8 66. Ka6 Rf8 67. b6 Ka8 68. Rg7 Kb8 69. Ra7 Rh8 70. Rb7+ Ka8 71. Ra7+ Kb8 72. Rg7 Ka8 73. b7+ Kb8 74. Kb6 Rf8 75. Re7 Rh8 76. Rd7 Rg8 77. Rc7 Rg6+ 78. Rc6 Rg8 79. Rc7 Rf8 80.
Rd7 Re8 81. Rf7 Rh8 82. Rg7 Re8 83. Rf7 Rd8 84. Rg7 Re8 85. Rf7 1/2-1/2